 Dungeon Crawl Stone Soup version 0.28.0-53-g5a82cb258f (webtiles) character file.

Game seed: 14822765636899530972

8958 Descartes the Blocker (level 11, -16/72 HPs)
             Began as a Formicid Warper on Aug 13, 2022.
             Was an Initiate of Gozag.
             Killed from afar by a deep elf annihilator (26 damage)
             ... with a poison arrow
             ... on level 10 of the Dungeon.
             The game lasted 00:19:18 (13784 turns).

Descartes the Blocker (Formicid Warper)            Turns: 13784, Time: 00:19:21

Health: -16/72     AC: 20    Str: 29    XL:     11   Next: 65%
Magic:  18/18      EV:  9    Int: 12    God:    Gozag
Gold:   927        SH:  7    Dex: 17    Spells: 15/20 levels left

rFire   + . .      SeeInvis +   d - +1 whip (venom)
rCold   . . .      Faith    .   R - +0 buckler
rNeg    + + .      Spirit   .   N - +5 chain mail of Qiyllyusk {-Cast rF+ Str+8 Dex+2}
rPois   .          Reflect  .   (helmet unavailable)
rElec   .          Harm     .   I - +1 cloak of the Shining Light {rN++ Dex+5}
rCorr   +          Rampage  .   O - +0 pair of gloves
Will    +....      NoCast   +   (no boots)
Stlth   ..........              (no amulet)
HPRegen 0.22/turn               f - ring of resist corrosion
MPRegen 0.16/turn               b - +4 ring of slaying

@: lethally poisoned (-16 -> -40), gold aura
A: permanent stasis, dig shafts and tunnels, antennae 3, four strong arms
a: Dig, Shaft Self, Renounce Religion, Potion Petition, Call Merchant, Bribe
Branch


You were on level 10 of the Dungeon.
You worshipped Gozag.
Gozag was pleased with you.
You visited 2 branches of the dungeon, and saw 11 of its levels.

You collected 1459 gold pieces.
You paid 532 gold pieces to Gozag.

Inventory:

Hand Weapons
 d - a +1 whip of venom (weapon)
 j - a +0 dagger of electrocution
 E - a +2 whip of flaming
 H - a +4 great sword of freezing
 K - a +0 dire flail
Missiles
 a - 2 throwing nets
 c - 5 boomerangs of dispersal (quivered)
 k - 14 poisoned darts
 l - 171 sling bullets
 n - 159 stones
 t - 2 javelins
 x - 53 bolts
 T - a curare-tipped dart
Armour
 I - the +1 cloak of the Shining Light (worn) {rN++ Dex+5}
   (You found it on level 8 of the Dungeon)

   Dex:       It affects your dexterity (+5).
   rN:        It greatly protects you from negative energy.
 M - a +3 chain mail of poison resistance
 N - the +5 chain mail of Qiyllyusk (worn) {-Cast rF+ Str+8 Dex+2}
   (You found it on level 9 of the Dungeon)

   Str:       It affects your strength (+8).
   Dex:       It affects your dexterity (+2).
   rF:        It protects you from fire.
   -Cast:     It prevents spellcasting.
 O - a +0 pair of gloves (worn)
 R - a +0 buckler (worn)
Jewellery
 b - a +4 ring of slaying (right hand)
 f - a ring of resist corrosion (left hand)
Wands
 w - a wand of acid (3)
 C - a wand of polymorph (3)
 U - a wand of digging (6)
Scrolls
 g - 15 scrolls of identify {unknown}
 h - 2 scrolls of vulnerability {unknown}
 o - a scroll of acquirement {unknown}
 p - 3 scrolls of immolation {unknown}
 q - a scroll of holy word {unknown}
 s - a scroll of silence {unknown}
 v - a scroll of noise {unknown}
 y - 3 scrolls of fog {unknown}
 A - 3 scrolls of amnesia {unknown}
 B - a scroll of magic mapping {unknown}
 F - a scroll of enchant weapon {unknown}
 L - a scroll of torment {unknown}
 P - a scroll of enchant armour {unknown}
 S - 2 scrolls of teleportation {unknown}
Potions
 e - a potion of magic {unknown}
 i - a potion of heal wounds
 m - 3 potions of curing
 r - a potion of cancellation {unknown}
 u - a potion of haste {unknown}
 z - a potion of flight {unknown}
 D - a potion of invisibility {unknown}
 G - a potion of berserk rage {unknown}
 J - a potion of might
 Q - a potion of attraction {unknown}


   Skills:
 - Level 2.1 Fighting
 + Level 4.1 Long Blades
 + Level 8.9 Maces & Flails
 - Level 1.0 Throwing
 + Level 9.5 Armour
 - Level 1.7 Dodging
 - Level 10.0 Shields
 - Level 5.0 Spellcasting
 + Level 6.9 Translocations


You had 15 spell levels left.
You knew the following spells:

 Your Spells              Type           Power      Damage    Failure   Level
a - Manifold Assault      Tloc           19%        N/A       83%         5

Your spell library contained the following spells:

 Spells                   Type           Power      Damage    Failure   Level
 Gell's Gravitas          Tloc           19%        N/A       17%         3
 Lesser Beckoning         Tloc           19%        N/A       17%         3
 Teleport Other           Tloc           19%        N/A       17%         3
 Passage of Golubria      Tloc           19%        N/A       50%         4
 Portal Projectile        Hex/Tloc       22%        N/A       56%         3
 Freeze                   Ice            12%        1d4       67%         1
 Call Canine Familiar     Summ           3%         N/A       96%         3
 Frozen Ramparts          Ice            6%         1d2       96%         3
 Stone Arrow              Conj/Erth      6%         3d7       96%         3
 Tukima's Dance           Hex            3%         N/A       96%         3
 Animate Armour           Summ/Erth      6%         N/A       100%        4
 Hailstorm                Conj/Ice       3%         3d3       100%        4
 Leda's Liquefaction      Hex/Erth       1%         N/A       100%        4
 Yara's Violent Unravell  Hex/Tmut       1%         3d3       100%        5
 Lehudib's Crystal Spear  Conj/Erth      1%         10d2      100%        8
 Blink                    Tloc           Unusable   N/A       N/A         2

Dungeon Overview and Level Annotations

Branches:
Dungeon (10/15)            Temple (1/1) D:5            Lair (0/6) D:8
    Orc: D:9-12

Altars:
Ashenzari
Cheibriados
Dithmenos
Elyvilon
Fedhas
Gozag
Hepliaklqana
Kikubaaqudgha
Makhleb
Nemelex Xobeh
Okawaru
Qazlal
Ru
Sif Muna
Trog
Uskayaw
Vehumet
Wu Jian
Xom
Yredelemnul
Zin
The Shining One

Shops:
D:8 :

Annotations:
D:4 1 runed translucent door


Innate Abilities, Weirdness & Mutations

You cannot be hasted, slowed, berserked, paralysed or teleported.
You can dig through walls and to a lower floor.
You have a pair of large antennae on your head. (SInv)
Your four strong arms can wield two-handed weapons with a shield.


Message History

The wizard is moderately wounded.
You feel sick. The wizard hits you with a +0 dagger.
* * * LOW HITPOINT WARNING * * *
You hit the wizard.
The wizard looks as sick as possible!
The wizard is moderately wounded.
You feel sick.
The wizard shouts, "You can't withstand my power!"
The wizard hits you but does no damage.
You closely miss the wizard.
The wizard is heavily wounded.
You hit the wizard but do no damage.
The wizard is heavily wounded.
You feel sick. You block the wizard's attack.
You whack the wizard!
The wizard looks as sick as possible!
The wizard is severely wounded.
The wizard hits you but does no damage.
You closely miss the wizard.
The wizard is severely wounded.
You feel sick.
You hit the wizard.
The wizard looks as sick as possible!
The wizard is almost dead.
You feel sick.
You kill the wizard!
Your life force feels restored.
Your Long Blades skill increases to level 4!
You barely miss the deep elf annihilator.
The deep elf annihilator is severely wounded.
The deep elf annihilator hits you but does no damage.
You hit the deep elf annihilator.
The deep elf annihilator looks as sick as possible!
The deep elf annihilator is almost dead.
You feel sick.
You are no longer poisoned.
You closely miss the deep elf annihilator.
The deep elf annihilator is almost dead.
The deep elf annihilator gestures at you while chanting.
The poison arrow hits you!!
You are lethally poisoned!
You die...
Your body crumbles into a pile of gold.

##.≈#...).#≈... #.... .:..^≈...
#..≈# [.?.#≈.## #..≈##...##≈.:.
#..≈≈##.##≈≈...
#...≈≈≈.≈≈≈.......
#.#..............
##.#####.###..... $ #..#
#@#..e..... { #.## ##e####....
. #########.###########.## ..
#.....#............##.#######..
#[.....#.......>#..............
#......#........#..............
#......#........+..............
#.....#..#...############..###.
###.#.##.#...####.##.. #..###.


You could see a deep elf annihilator (extremely poisoned).

Vanquished Creatures
  Harold (D:8)
  A boulder beetle (D:9)
  Pikel (D:6)
  A wizard (D:10)
  2 centaur zombies (D:10)
  Psyche (D:8)
  The ghost of hitsuchi the Sneak, a novice KoBr (D:4)
  A troll (D:9)
  Prince Ribbit (D:8)
  5 yaks (D:9)
  A steam dragon (D:9)
  2 wargs (D:8)
  2 water moccasins
  4 orc warriors
  2 sky beasts
  2 black bears
  A necrophage (D:5)
  2 ogres
  6 centaurs
  A lemure (D:6)
  A kobold brigand (D:10)
  2 phantoms (D:4)
  2 gnoll sergeants
  2 bullfrogs
  A water moccasin skeleton (D:5)
  6 killer bees (D:7)
  4 wights (D:8)
  A howler monkey (D:9)
  2 bullfrog zombies
  A centaur skeleton (D:5)
  4 hounds
  A jelly (D:7)
  9 orc priests
  A gnoll shaman (D:7)
  6 iguanas
  12 orc wizards
  A scorpion zombie (D:5)
  4 killer bee zombies
  A hound zombie (D:5)
  2 hound skeletons
  2 howler monkey zombies
  Robin (D:3)
  20 gnolls
  A howler monkey skeleton (D:5)
  4 adders
  A river rat (D:4)
  3 white imps
  An adder zombie (D:5)
  An adder skeleton (D:5)
  2 worms
  2 dart slugs
  27 orcs
  7 endoplasms
  15 goblins
  9 hobgoblins
  5 jackals
  2 quokkas (D:2)
  8 ball pythons
  4 bats
  4 frilled lizards
  8 kobolds
  4 rats
232 creatures vanquished.

Vanquished Creatures (others)
  22 plants
22 creatures vanquished.

Grand Total: 254 creatures vanquished

Notes
Turn   | Place    | Note
-------+----------+-------------------------------------------
     0 | D:1      | Descartes the Formicid Warper began the quest for the Orb.
     0 | D:1      | Reached XP level 1. HP: 16/16 MP: 3/3
   212 | D:1      | Reached XP level 2. HP: 20/22 MP: 5/5
   214 | D:1      | Reached skill level 1 in Shields
   633 | D:1      | Found a faded altar of an unknown god.
   868 | D:1      | Reached XP level 3. HP: 3/27 MP: 6/6
  1544 | D:2      | Reached skill level 2 in Shields
  1818 | D:3      | Reached XP level 4. HP: 33/33 MP: 7/7
  2674 | D:3      | Reached XP level 5. HP: 33/38 MP: 8/8
  2686 | D:3      | Reached skill level 3 in Shields
  3216 | D:3      | Noticed Robin
  3229 | D:3      | Killed Robin
  3501 | D:4      | Found a runed translucent door.
  3503 | D:4      | Noticed a bullfrog
  3504 | D:4      | Noticed hitsuchi's ghost (novice KoBr)
  3511 | D:4      | Killed a bullfrog
  3512 | D:4      | Reached XP level 6. HP: 42/44 MP: 9/9
  3548 | D:4      | Killed hitsuchi's ghost
  3549 | D:4      | Reached skill level 4 in Shields
  3549 | D:4      | Reached XP level 7. HP: 12/50 MP: 10/10
  3554 | D:4      | Found a runed translucent door.
  3922 | D:4      | Reached skill level 5 in Shields
  4080 | D:4      | Reached skill level 5 in Maces & Flails
  4080 | D:4      | Reached skill level 5 in Armour
  4475 | D:4      | Reached XP level 8. HP: 52/56 MP: 11/11
  4721 | D:4      | Reached skill level 6 in Shields
  4907 | D:4      | Found a snail-covered altar of Cheibriados.
  5114 | D:4      | Learned a level 5 spell: Manifold Assault
  5137 | D:5      | Entered Level 5 of the Dungeon
  5864 | D:5      | Found a staircase to the Ecumenical Temple.
  5883 | Temple   | Entered the Ecumenical Temple
  6259 | Temple   | Became a worshipper of Gozag Ym Sagoz the Greedy
  6323 | D:5      | Reached XP level 9. HP: 22/61 MP: 13/13
  7013 | D:6      | Reached skill level 7 in Shields
  7379 | D:6      | Noticed Pikel
  7392 | D:6      | Killed Pikel
  8048 | D:7      | Reached XP level 10. HP: 41/67 MP: 16/16
  8061 | D:7      | Reached skill level 8 in Shields
  8419 | D:7      | Reached skill level 5 in Spellcasting
  8514 | D:7      | Reached skill level 5 in Translocations
  9067 | D:8      | Found Biaxt's Book Emporium.
  9559 | D:8      | Identified the +1 cloak of the Shining Light {rN++ Dex+5}
  9622 | D:8      | Noticed Psyche
  9947 | D:8      | Found a staircase to the Lair.
 10331 | D:8      | Noticed Harold
 10358 | D:8      | Killed Harold
 10359 | D:8      | Reached skill level 1 in Long Blades
 10359 | D:8      | Reached skill level 9 in Shields
 10395 | D:8      | Killed Psyche
 10702 | D:8      | Noticed Prince Ribbit
 10720 | D:8      | Killed Prince Ribbit
 11427 | D:9      | Reached XP level 11. HP: 62/72 MP: 18/18
 11489 | D:9      | Identified the +5 chain mail of Qiyllyusk {-Cast rF+ Str+8
                  | Dex+2}
 11874 | D:9      | Noticed a boulder beetle
 11896 | D:9      | Killed a boulder beetle
 12235 | D:9      | HP: 2/68 [yak (11)]
 13162 | D:10     | Entered Level 10 of the Dungeon
 13183 | D:10     | Reached skill level 10 in Shields
 13752 | D:10     | Noticed a wizard
 13752 | D:10     | Noticed a deep elf annihilator
 13781 | D:10     | Killed a wizard
 13784 | D:10     | Killed from afar by a deep elf annihilator

Illustrated notes

Levels and vault maps discovered:
D:1:      dpeg_arrival_concentric_ovals, layout_rooms,
          hellmonk_ecumenical_altar_heavens_door, hex_large, minmay_pentomino_s2
D:2:      layout_basic, uniq_sigmund
D:3:      kennysheep_goblin_castle, layout_loops_corners, chequers_jeans
D:4:      layout_gridville, mainiacjoe_overflow_chevrons, ebering_ghost_sewer_f,
          minmay_misc_feat_columns, grunt_decor_mini_mirrors,
          amcnicky_mini_corridor_feature, dk_noncrumbling_2, chequers_garden,
          minmay_pentangle
D:5:      layout_cave_pools, minmay_temple_entry_sparse_star, serial_undead,
          serial_undead_f, serial_undead_b, serial_undead_d, serial_undead_c,
          kennysheep_path_1
D:6:      layout_loops_ring, uniq_pikel
D:7:      layout_loops_ring
D:8:      layout_basic, erik_lair_orcish_takeover, serial_shops,
          nicolae_diamond_shop, minmay_door_square, uniq_psyche,
          uniq_prince_ribbit1, uniq_harold
D:9:      layout_stronghold
D:10:     cheibrodos_wizards_tower, layout_gridville, st_stairs_7,
          nrook_loot_triangle, uniq_gastronok
Temple:   mainiacjoe_temple_circle_huts

Skill      XL: |  1  2  3  4  5  6  7  8  9 10 11 |
---------------+----------------------------------+-----
Shields        | 1 2 3 4 5 6 7 9 10 | 10.0
Armour         | 2 3 4 5 6 7 8 9 |  9.5
Maces & Flails | 3 4 5 6 7 8 |  8.9
Translocations | 3 4 6 |  6.9
Spellcasting   | 3 4 5 |  5.0
Long Blades    | 2 4 |  4.1
Fighting       | |  2.1
Throwing       | |  1.0
Dodging        | |  1.7

Action                   |  1- 3 |  4- 6 |  7- 9 | 10-12 || total
-------------------------+-------+-------+-------+-------++-------
Melee: Mace              |    13 |       |       |       ||    13
       Whip              |    60 |   159 |   335 |   473 ||  1027
       Punch             |     2 |     2 |     5 |    11 ||    20
Invok: Potion Petition   |       |       |       |     1 ||     1
 Abil: Dig               |       |       |       |     2 ||     2
  Use: Potion            |       |       |       |     2 ||     2
 Stab: Distracted        |       |       |       |     1 ||     1
Armor: Scale mail        |    18 |    62 |       |       ||    80
       Plate armour      |       |       |   223 |    78 ||   301
       Chain mail        |       |       |       |   142 ||   142
Dodge: Dodged            |    32 |    71 |    96 |   144 ||   343
Block: Buckler           |       |       |       |     6 ||     6
